 Dungeon Crawl Stone Soup version 0.31-a0-920-g28cbb04a8c (webtiles) character file.

Game seed: 13596312468183266156

7078 Xavori the Fighter (level 11, 0/96 HPs)
             Began as an Octopode Chaos Knight on Oct 17, 2023.
             Was a Plaything of Xom.
             Slain by a shadow (24 damage)
             ... on level 9 of the Dungeon.
             The game lasted 00:11:34 (12038 turns).

Xavori the Fighter (Octopode Chaos Knight)         Turns: 12038, Time: 00:11:35

Health: 0/96       AC:  9    Str: 16    XL:     11   Next: 9%
Magic:  20/20      EV: 25    Int: 13    God:    Xom [.....*]
Gold:   703        SH: 11    Dex: 15    Spells: 10/10 levels left

rFire   . . .        u - +2 short sword (spect)
rCold   . . .        F - +0 kite shield
rNeg    + . .        (helmet restricted)
rPois   +            (no amulet)
rElec   .            h - ring of willpower
rCorr   .            i - ring of magical power
SInv    .            n - +5 ring of evasion
Will    +....        x - +4 ring of protection
Stlth   ++           p - ring of positive energy
HPRegen 1.16/turn    B - +5 ring of evasion
MPRegen 0.17/turn    (no ring)
                     (no ring)

%: clarity
@: no status effects
A: almost no armour, amphibious, 8 rings, camouflage 1, gelatinous body 1,
(nimble swimmer 1), tentacles, iridescent scales 2, large bone plates 1,
clarity, passive freeze, sense surroundings 1, poison resistance, regeneration
1, robust 2, strong 1, teleportitis 1, wild magic 3, MP-powered wands
a: Renounce Religion


You were on level 9 of the Dungeon.
You worshipped Xom.
You were Xom's teddy bear.
You visited 1 branch of the dungeon, and saw 9 of its levels.

You collected 703 gold pieces.

Inventory:

Hand Weapons
 a - a +0 short sword of chaos
 c - a +1 dagger of protection
 u - a +2 spectral short sword (weapon)
Armour
 F - a +0 kite shield (worn)
Jewellery
 h - a ring of willpower (left tentacle)
 i - a ring of magical power (right tentacle)
 n - a +5 ring of evasion (on tentacle)
 o - a ring of fire
 p - a ring of positive energy (on tentacle)
 x - a +4 ring of protection (on tentacle)
 B - a +5 ring of evasion (on tentacle)
Talismans
 f - a granite talisman
 s - a maw talisman
Wands
 t - a wand of flame (34)
 A - a wand of light (1)
Scrolls
 b - a scroll of butterflies
 d - a scroll of poison
 e - a scroll of immolation
 g - 3 scrolls of fear
 j - a scroll of blinking
 l - 2 scrolls of enchant weapon
 m - a scroll of amnesia
 q - 3 scrolls of enchant armour
 r - a scroll of silence
 y - a scroll of identify
 z - 2 scrolls of teleportation
 C - a scroll of fog
Potions
 k - 3 potions of curing
 v - 3 potions of haste
 D - a potion of heal wounds {unknown}
 E - a potion of ambrosia {unknown}


   Skills:
 + Level 9.1 Fighting
 + Level 9.0 Short Blades
 + Level 8.8 Dodging
 + Level 7.4 Shapeshifting


You had 10 spell levels left.
You didn't know any spells.
Your spell library contained the following spells:

 Spells                   Type           Power      Damage    Failure   Level
 Apportation              Tloc           0%         N/A       89%         1
 Magic Dart               Conj           0%         1d3       89%         1
 Sting                    Tmut/Pois      0%         1d3       89%         1
 Blink                    Tloc           0%         N/A       96%         2
 Call Imp                 Summ           0%         N/A       96%         2
 Jinxbite                 Hex            0%         N/A       96%         2
 Lesser Beckoning         Tloc           0%         N/A       96%         2
 Momentum Strike          Conj/Tloc      0%         3d8       96%         2
 Poisonous Vapours        Pois/Air       0%         N/A       96%         2
 Mephitic Cloud           Conj/Pois/Air  0%         N/A       99%         3
 Olgreb's Toxic Radiance  Pois           0%         N/A       100%        4
 Alistair's Intoxication  Tmut/Pois      0%         N/A       100%        5


Dungeon Overview and Level Annotations

Branches:
Dungeon (9/15)             Temple (0/1) D:5            Lair (0/5) D:9
    Orc: D:9-12

Altars:
Gozag
Hepliaklqana
Okawaru
Ru
Vehumet
Xom
Zin

Shops:
D:1 (   D:9 ?

Annotations:
D:4 3 runed translucent doors, PailKail's ghost, amateur MiBe
D:9 1 runed translucent door, greenreed's ghost, novice TrBe


Innate Abilities, Weirdness & Mutations

You cannot wear most types of armour.
You are amphibious.
You can wear up to eight rings at the same time.
Your skin changes colour to match your surroundings (Stealth+).
Your rubbery body absorbs attacks. (AC +1, EV +1)
((You are camouflaged when in or above water. (Stealth+)))
You have tentacles for arms and can constrict up to eight enemies at once.
You are mostly covered in iridescent scales. (AC +4)
You are partially covered in large bone plates. (SH +4)
You possess an exceptional clarity of mind.
A frigid envelope surrounds you and freezes all who hurt you.
You passively map a small area around you.
Your system is resistant to poisons. (rPois)
Your natural rate of healing is unusually fast.
You are very robust. (+20% HP)
Your muscles are strong. (Str +4, Int/Dex -1)
You are occasionally teleported next to monsters.
Your spells are much harder to cast, but much more powerful.
You expend magic power (3 MP) to strengthen your wands.


Message History

Deactivating autopickup; reactivate with Ctrl-A.
The howler monkey hits your +2 spectral short sword.
Your spectral weapon shares its damage with you!
You hit something. Your squeeze misses something.
Your +2 spectral short sword barely misses something.
The howler monkey barely misses your +2 spectral short sword.
The shadow strikes at you from the darkness!
Reactivating autopickup.
The shadow completely resists.
Unknown command.
You hit the shadow but do no damage.
The shadow is lightly damaged.
Your +2 spectral short sword completely misses the shadow.
The howler monkey misses your +2 spectral short sword.
The shadow slips into darkness.
The shadow flickers and vanishes!
Deactivating autopickup; reactivate with Ctrl-A.
Your +2 spectral short sword disappears.
There is an open door here.
The shadow strikes at you from the darkness!
* * * LOW HITPOINT WARNING * * *
Reactivating autopickup.
The shadow completely resists.
You hit the shadow.
You squeeze the shadow, but do no damage.
The shadow is lightly damaged.
Your +2 spectral short sword hits the shadow but does no damage.
You block the shadow's attack.
You puncture the shadow! Your squeeze misses the shadow.
The shadow is heavily damaged.
Your +2 spectral short sword hits the shadow.
The howler monkey hoots and howls with incredible vigour!
The shadow slips into darkness.
The shadow flickers and vanishes!
Deactivating autopickup; reactivate with Ctrl-A.
It was a potion of cancellation.
You feel magically purged.
Your +2 spectral short sword disappears.
The shadow strikes at you from the darkness!
You die...
Xom is highly amused!

#..<...# #.......
#......# #.......
#......# #####.....†.
#......###...'.......
#......##..###.......
#......'..## #.......
#......#### #.......
#<.....# #.......
#...@..# #.......
#####{## ####+###
#h## #D.# ##'# ####
#(D))..# *#≈§§# ##
#......# **≈.§§§##.
#......# ' ......#.
#......#, ..∩...#.


You could see a steam dragon and a howler monkey (catching breath).

Vanquished Creatures
  A two-headed ogre (D:9)
  A black mamba (D:9)
  2 komodo dragons (D:9)
  Prince Ribbit (D:8)
  3 hornets
  Sigmund (D:3)
  Eustachio (D:6)
  5 steam dragons
  Duvessa (D:7)
  2 water moccasins
  2 black bears
  2 orc warriors
  2 ice beasts
  5 ogres
  A phantom (D:5)
  A centaur (D:9)
  2 kobold brigands
  5 bullfrogs
  A gnoll sergeant (D:9)
  4 scorpions
  Dowan (D:7)
  13 killer bees (D:9)
  3 howler monkeys
  3 jellies
  A hound (D:6)
  2 gnoll boudas (D:8)
  3 orc priests
  Crazy Yiuf (D:6)
  3 sleepcaps
  8 iguanas
  Terence (D:3)
  3 orc wizards (D:6)
  14 gnolls
  5 adders
  2 white imps
  2 ufetubi (D:5)
  A worm (D:5)
  3 dart slugs
  5 orcs
  5 ball pythons
  6 bats
  8 endoplasms
  9 giant cockroaches
  16 goblins
  11 hobgoblins
  6 jackals
  17 kobolds
  3 quokkas
  4 frilled lizards
  5 rats
207 creatures vanquished.

Vanquished Creatures (collateral kills)
  A jelly (D:6)
1 creature vanquished.

Vanquished Creatures (others)
  A spectral weapon (D:9)
1 creature vanquished.

Grand Total: 209 creatures vanquished

Notes
Turn   | Place    | Note
-------+----------+-------------------------------------------
     0 | D:1      | Xavori the Octopode Chaos Knight began the quest for the
                  | Orb.
     0 | D:1      | Reached XP level 1. HP: 16/16 MP: 1/1
    99 | D:1      | XOM is BORED!
    99 | D:1      | XOM: noise
   122 | D:1      | Reached XP level 2. HP: 20/21 MP: 2/2
   318 | D:1      | Reached XP level 3. HP: 26/26 MP: 3/3
   486 | D:1      | Found Imoul's Antique Weapon Shop.
  1146 | D:1      | XOM: divination: magic mapping
  1258 | D:1      | XOM: divination: detect creatures
  1637 | D:1      | XOM: cloud trail
  1800 | D:1      | XOM: give mutation
  1800 | D:1      | Gained mutation: You are robust. (+10% HP) [Xom's grace]
  1911 | D:1      | XOM: give mutations
  1911 | D:1      | Gained mutation: Your spells are a little harder to cast,
                  | but a little more powerful. [Xom's grace]
  1911 | D:1      | Gained mutation: Your natural rate of healing is unusually
                  | fast. [Xom's grace]
  1911 | D:1      | Gained mutation: You passively map a small area around you.
                  | [Xom's grace]
  2410 | D:1      | XOM is BORED!
  2410 | D:1      | XOM: give mutation
  2410 | D:1      | Gained mutation: You are occasionally teleported next to
                  | monsters. [Xom's mischief]
  2761 | D:1      | XOM: god gift: ring of willpower
  2767 | D:1      | XOM: summons 2 hostile demons
  3030 | D:2      | XOM: 9-stop teleportation journey
  3106 | D:2      | Noticed Robin
  3125 | D:2      | Robin changed into Robin the bat
  3125 | D:2      | Noticed Robin
  3125 | D:2      | XOM: polymorph Robin -> Robin the bat
  3133 | D:2      | Killed Robin the bat
  3215 | D:2      | XOM: summons 1 hostile demon
  3274 | D:2      | Reached XP level 4. HP: 35/35 MP: 4/4
  3477 | D:2      | XOM: noise
  3590 | D:2      | XOM: divination: detect items
  4063 | D:1      | XOM: god gift: 4 stones
  4371 | D:1      | XOM: cloud trail
  4600 | D:1      | XOM: noise
  4740 | D:1      | XOM: silly message
  4786 | D:1      | XOM: noise
  5134 | D:1      | XOM: torment (19/36 hp)
  5244 | D:1      | XOM: summons 1 hostile shadow creature
  5811 | D:1      | XOM: summons 1 hostile shadow creature
  6145 | D:1      | XOM: scenery: create altars
  6352 | D:1      | XOM: give mutations
  6352 | D:1      | Gained mutation: Your spells are harder to cast, but more
                  | powerful. [Xom's grace]
  6352 | D:1      | Gained mutation: You are partially covered in iridescent
                  | scales. (AC +2) [Xom's grace]
  6415 | D:2      | XOM is BORED!
  6419 | D:3      | Found a hazy altar of Hepliaklqana.
  6438 | D:3      | XOM: scenery: summon butterflies
  6588 | D:3      | Reached skill level 1 in Shapeshifting
  6785 | D:3      | Noticed Terence
  6798 | D:3      | Killed Terence
  6799 | D:3      | Reached XP level 5. HP: 4/40 MP: 5/5
  6800 | D:3      | You fall into a shaft and drop 3 floors!
  6827 | D:6      | Noticed an orc warrior
  6827 | D:6      | Noticed an ice beast
  6829 | D:6      | Noticed an ogre
  6834 | D:6      | XOM: fog
  6838 | D:6      | Killed an ice beast
  6839 | D:6      | Reached XP level 6. HP: 47/47 MP: 6/6
  6845 | D:6      | Killed an orc warrior
  6862 | D:6      | Reached XP level 7. HP: 19/53 MP: 7/7
  6863 | D:6      | Noticed Eustachio
  6872 | D:6      | XOM: cast spell 'Death Channel'
  6878 | D:6      | XOM: scenery: summon butterflies
  6879 | D:6      | Killed Eustachio
  6880 | D:6      | Reached skill level 5 in Fighting
  6889 | D:6      | Reached skill level 5 in Short Blades
  6975 | D:6      | XOM: god gift: scroll labelled NEYSUOVI SASI {god gift}
  6980 | D:5      | Entered Level 5 of the Dungeon
  6992 | D:5      | XOM: give mutations
  6992 | D:5      | Gained mutation: Your spells are much harder to cast, but
                  | much more powerful. [Xom's grace]
  6992 | D:5      | Gained mutation: You expend magic power (3 MP) to
                  | strengthen your wands. [Xom's grace]
  6992 | D:5      | Gained mutation: You are partially covered in large bone
                  | plates. (SH +4) [Xom's grace]
  6992 | D:5      | Gained mutation: You have hidden genetic potential. [Xom's
                  | grace]
  7010 | D:5      | Noticed a steam dragon
  7013 | D:5      | XOM: fog
  7072 | D:5      | XOM: swap monsters
  7075 | D:5      | Killed a steam dragon
  7076 | D:5      | Reached skill level 5 in Dodging
  7076 | D:5      | Reached XP level 8. HP: 43/60 MP: 8/8
  7280 | D:3      | Noticed Sigmund
  7291 | D:3      | Killed Sigmund
  7483 | D:4      | Gained mutation: You are very robust. (+20% HP) [hidden
                  | potential]
  7499 | D:4      | XOM: enchant monster (bad)
  7535 | D:4      | Found a runed translucent gate.
  7536 | D:4      | Found a runed translucent gate.
  7536 | D:4      | Found a runed translucent gate.
  7536 | D:4      | Noticed PailKail's ghost (amateur MiBe)
  7735 | D:4      | XOM: divination: detect creatures
  8077 | D:4      | XOM: give mutations
  8077 | D:4      | Gained mutation: You possess an exceptional clarity of
                  | mind. [Xom's grace]
  8077 | D:4      | Gained mutation: Your muscles are strong. (Str +4, Int/Dex
                  | -1) [Xom's grace]
  8077 | D:4      | Gained mutation: A frigid envelope surrounds you and
                  | freezes all who hurt you. [Xom's grace]
  8077 | D:4      | Gained mutation: You are mostly covered in iridescent
                  | scales. (AC +4) [Xom's grace]
  8559 | D:5      | XOM: silly message
  8587 | D:5      | Found a glowing silver altar of Zin.
  8589 | D:5      | Found a radiant altar of Vehumet.
  8674 | D:5      | Found a staircase to the Ecumenical Temple.
  8958 | D:5      | Found a sacrificial altar of Ru.
  9176 | D:5      | XOM: divination: detect creatures
  9524 | D:6      | Reached XP level 9. HP: 75/75 MP: 9/9
  9542 | D:6      | XOM: divination: detect items
  9553 | D:6      | XOM: divination: detect items
  9601 | D:6      | Found a runed translucent door.
  9602 | D:6      | Noticed Crazy Yiuf
  9628 | D:6      | XOM: enchant monster (good)
  9649 | D:6      | Reached skill level 5 in Shapeshifting
  9649 | D:6      | XOM: cast spell 'Leda's Liquefaction'
  9665 | D:6      | Gained mutation: Your system is resistant to poisons.
                  | (rPois) [hidden potential]
  9665 | D:6      | Lost mutation: You have hidden genetic potential. [hidden
                  | potential expressed]
  9869 | D:6      | XOM: silly message
 10049 | D:6      | XOM: noise
 10149 | D:6      | Killed Crazy Yiuf
 10210 | D:7      | Found an opulent altar of Gozag.
 10224 | D:7      | Noticed Duvessa
 10224 | D:7      | Noticed Dowan
 10242 | D:7      | Killed Dowan
 10242 | D:7      | XOM: noise
 10245 | D:7      | Killed Duvessa
 10412 | D:7      | XOM: silly message
 10440 | D:7      | Noticed a hornet
 10446 | D:7      | Killed a hornet
 10500 | D:7      | XOM: torment (43/76 hp)
 10648 | D:7      | XOM: cloud trail
 10771 | D:8      | XOM: god gift: 42 gold pieces
 10860 | D:8      | XOM: enchant monster (bad)
 10861 | D:8      | XOM: summons 3 hostile shadow creatures
 10865 | D:8      | Reached XP level 10. HP: 73/85 MP: 10/10
 10944 | D:8      | Found an iron altar of Okawaru.
 11246 | D:8      | XOM: repel stairs
 11247 | D:8      | Noticed Prince Ribbit
 11247 | D:8      | XOM: noise
 11254 | D:8      | Killed Prince Ribbit
 11432 | D:9      | Found Vofrilof's Magic Scroll Shop.
 11446 | D:9      | Noticed a two-headed ogre
 11452 | D:9      | XOM: confuse monster(s)
 11457 | D:9      | XOM: polymorph killer bee -> scorpion
 11467 | D:9      | Killed a two-headed ogre
 11467 | D:9      | a black bear changed into a black mamba
 11467 | D:9      | Noticed a black mamba
 11467 | D:9      | XOM: polymorph black bear -> black mamba
 11476 | D:9      | Killed a black mamba
 11566 | D:9      | Found a staircase to the Lair.
 11600 | D:9      | Found a runed translucent door.
 11604 | D:9      | XOM: noise
 11609 | D:9      | Noticed greenreed's ghost (novice TrBe)
 11632 | D:9      | XOM: swap monsters
 11634 | D:9      | XOM: smoke on damage
 11641 | D:9      | XOM: enchant monster (bad)
 11729 | D:9      | Reached XP level 11. HP: 86/93 MP: 11/11
 12018 | D:9      | XOM: polymorph centaur -> ogre
 12038 | D:9      | Slain by a shadow

Illustrated notes

Levels and vault maps discovered:
D:1:      dpeg_arrival_round_b, layout_loops_ring, serial_shops,
          nicolae_shop_dealshenge
D:2:      layout_basic, uniq_robin
D:3:      layout_rooms, overflow_temple_1_default, minmay_crystal_water,
          uniq_terence, uniq_sigmund
D:4:      layout_layer_cave, gammafunk_ghost_nasty_kobolds
D:5:      layout_basic, nicolae_overflow_hidden_temple,
          minmay_temple_entry_trees
D:6:      layout_loops_ring, minmay_diced_spiral, uniq_eustachio,
          uniq_crazy_yiuf_cottage
D:7:      layout_basic, amcnicky_altar_gilded, uniq_duvessa
D:8:      layout_gridville, kennysheep_mini, uniq_prince_ribbit1
D:9:      layout_roguey, grunt_lair_entry_orc_guard_hut,
          hellmonk_ghost_big_iron, kennysheep_windowed_goal

Skill      XL: |  1  2  3  4  5  6  7  8  9 10 11 |
---------------+----------------------------------+-----
Dodging        | 3 4 5 6 7 8 |  8.8
Shapeshifting  | 1 2 3 4 6 7 |  7.4
Fighting       | 4 5 6 7 8 9 |  9.1
Short Blades   | 4 5 6 7 8 9 |  9.0

Action                     |  1- 3 |  4- 6 |  7- 9 | 10-12 || total
---------------------------+-------+-------+-------+-------++-------
  Melee: Short sword       |    69 |       |   133 |   182 ||   384
         Constrict         |    22 |    13 |    52 |    30 ||   117
         Tentacles         |    16 |    19 |    99 |    51 ||   185
         Punch             |     1 |     1 |     7 |     1 ||    10
         Dagger            |    16 |    81 |   218 |       ||   315
    Use: Potion            |     2 |     3 |     4 |     1 ||    10
         Scroll            |       |     1 |    13 |     1 ||    15
   Stab: Sleeping          |     7 |     5 |    13 |     3 ||    28
         Distracted        |       |     2 |     2 |     7 ||    11
 Armour: Skin              |    41 |    28 |    95 |    53 ||   217
  Dodge: Dodged            |    43 |    24 |   187 |   218 ||   472
  Block: Other             |       |       |    35 |    25 ||    60
         Kite shield       |       |       |       |    32 ||    32

Table legend: (Time is in decaauts)
 A = Elapsed time spent in this place.
 B = Non-inter-level travel time spent in this place.
 C = Inter-level travel time spent in this place.
 D = Time resting spent in this place.
 E = Time spent auto-exploring this place.
 F = Levels seen in this place.
 G = Mean time per level.
                   A        B        C        D        E       F      G
               +--------+--------+--------+--------+--------+-----+--------+
         Total |  11831 |  11574 |    257 |   5045 |   5196 |   9 | 1314.6 |
       Dungeon |  11831 |  11574 |    257 |   5045 |   5196 |   9 | 1314.6 |
               +--------+--------+--------+--------+--------+-----+--------+

Top non-repeatable levels by time:
     D:1: 5379 daAuts
     D:4: 1181 daAuts
     D:5: 1053 daAuts
     D:2: 1023 daAuts
     D:6: 895 daAuts
     D:8: 620 daAuts
     D:9: 576 daAuts
     D:7: 566 daAuts
     D:3: 536 daAuts
